 Dungeon Crawl Stone Soup version 0.27-a0-1591-gc56fcc985a (webtiles) character file.

Game seed: 10691101617682874053

813 Sweetruy1997 the Cutter (level 7, -1/61 HPs)
             Began as a Minotaur Berserker on July 19, 2021.
             Was a Believer of Trog.
             Slain by a shadow (7 damage)
             ... on level 5 of the Dungeon.
             The game lasted 00:10:15 (4709 turns).

Sweetruy1997 the Cutter (Minotaur Berserker)        Turns: 4709, Time: 00:10:16

Health: -1/61      AC: 10    Str: 22    XL:     7   Next: 61%
Magic:  6/6        EV:  6    Int:  5    God:    Trog [**....]
Gold:   223        SH:  9    Dex: 10    Spells: 6/6 levels left

rFire    . . .     SeeInvis .   c - +1 short sword (freeze)
rCold    . . .     Faith    .   b - +0 kite shield
rNeg     . . .     Spirit   .   i - +0 chain mail
rPois    .         Reflect  .   (helmet restricted)
rElec    .         Harm     .   (no cloak)
rCorr    .         Rampage  .   h - +0 pair of gloves
Will     .....                  (no boots)
Stlth    ..........             (no amulet)
HPRegen  0.20/turn              (no ring)
MPRegen  0.10/turn              (no ring)

@: no status effects
A: horns 2, retaliatory headbutt
a: Renounce Religion, Berserk, Trog's Hand


You were on level 5 of the Dungeon.
You worshipped Trog.
Trog was pleased with you.
You visited 1 branch of the dungeon, and saw 5 of its levels.

You collected 223 gold pieces.

Inventory:

Hand Weapons
 c - a +1 short sword of freezing (weapon)
 n - a +1 flail of holy wrath
Missiles
 l - 4 silver boomerangs
 m - 3 boomerangs (quivered)
Armour
 a - a +0 cloak
 b - a +0 kite shield (worn)
 h - a +0 pair of gloves (worn)
 i - a +0 chain mail (worn)
Scrolls
 e - a scroll of blinking
 k - a scroll of fear {unknown}
 o - a scroll of holy word {unknown}
 p - a scroll of enchant weapon {unknown}
 q - a scroll of teleportation
Potions
 d - 5 potions of curing
 f - a potion of cancellation
 g - a potion of attraction {unknown}


   Skills:
 - Level 5.0 Fighting
 + Level 6.9 Short Blades
 - Level 3.9 Axes
 - Level 2.0 Throwing
 - Level 3.0 Armour
 - Level 3.0 Dodging
 - Level 1.0 Stealth
 - Level 3.0 Shields


You had 6 spell levels left.
You didn't know any spells.
Your spell library was empty.

Dungeon Overview and Level Annotations

Branches:
Dungeon (5/15)
 Temple: D:4-7

Altars:
Nemelex Xobeh
Sif Muna
Trog

Shops:
D:5 ?

Annotations:
D:3 1 runed translucent door, DocClef's ghost, amateur GnDe


Innate Abilities, Weirdness & Mutations

You have a pair of horns on your head.
You reflexively headbutt those who attack you in melee.


Message History

You sensed 2 altars, and 2 shops/portals.
As you read the scroll of identify, it crumbles to dust.
f - a potion of cancellation Your surroundings suddenly seem different.
A shadow comes into view.
A jelly comes into view.
Found a cloak.
The jelly quivers.
The shadow slips into darkness.
The shadow flickers and vanishes!
Deactivating autopickup; reactivate with Ctrl-A.
Found a There-And-Back Book.
The shadow strikes at you from the darkness!
* * * LOW HITPOINT WARNING * * *
Reactivating autopickup.
A two-headed ogre and a wraith come into view.
Found 15 gold pieces.
The shadow slips into darkness.
The shadow flickers and vanishes!
Deactivating autopickup; reactivate with Ctrl-A.
You see here a +0 cloak.
a - a +0 cloak
Found a stone staircase leading up.
The shadow strikes at you from the darkness!
* * * LOW HITPOINT WARNING * * *
Reactivating autopickup.
The shadow slips into darkness.
The shadow flickers and vanishes!
Deactivating autopickup; reactivate with Ctrl-A.
There is a stone staircase leading up here. 2 gnolls come into view.
Found a leather armour.
The gnoll shouts! x2
A howler monkey skeleton comes into view.
The gnoll moves out of view.
A gnoll comes into view. It is wielding a +0 halberd.
Found a robe.
Found Cosots's Magic Scroll Shoppe.
The gnoll shouts!
The shadow strikes at you from the darkness!
You die...

.......##***,,,,,,,,,,*
.....=..,*,...........#
........*.*,..[..g....#
#####..#,..#,.........#
*,*,,∩..##..gg....#
*,,*,..#.......[..# **
*,,,*.#..........#* ,*
**,,,#......Z..#** ,*
******,,,#.@##* ,*
****##..## ,* ##..## **
##..## * ##J.## #<..##
##W...# #....## *****
#W...#


You could see a jelly, 3 gnolls and a howler monkey skeleton.

Vanquished Creatures
  A water moccasin (D:5)
  An orc warrior (D:4)
  A phantom (D:4)
  A kobold brigand (D:4)
  A scorpion (D:4)
  A howler monkey (D:4)
  A centaur skeleton (D:4)
  2 bullfrog skeletons (D:4)
  Terence (D:3)
  An iguana (D:4)
  Natasha (D:2)
  3 orc wizards
  5 adders
  A worm (D:4)
  A dart slug (D:1)
  13 orcs
  2 bats
  7 endoplasms
  A giant cockroach (D:2)
  2 goblins
  3 hobgoblins
  15 jackals
  7 kobolds
  3 quokkas
  6 ball pythons
  A frilled lizard (D:3)
  3 rats
85 creatures vanquished.

Notes
Turn   | Place    | Note
-------+----------+-------------------------------------------
     0 | D:1      | Sweetruy1997 the Minotaur Berserker began the quest for the
                  | Orb.
     0 | D:1      | Reached XP level 1. HP: 19/19 MP: 0/0
   182 | D:1      | Reached XP level 2. HP: 24/27 MP: 1/1
  1207 | D:2      | Reached XP level 3. HP: 28/34 MP: 2/2
  1574 | D:2      | Noticed Natasha
  1584 | D:2      | Killed Natasha
  1585 | D:2      | Reached skill level 1 in Short Blades
  2006 | D:3      | Found a runed translucent door.
  2006 | D:3      | Noticed DocClef's ghost (amateur GnDe)
  2030 | D:3      | Reached XP level 4. HP: 41/41 MP: 3/3
  2107 | D:3      | Reached ** piety under Trog
  2530 | D:3      | Reached skill level 5 in Fighting
  2599 | D:3      | Reached skill level 2 in Short Blades
  2832 | D:3      | Reached XP level 5. HP: 48/48 MP: 4/4
  2908 | D:3      | Found a sparkling altar of Nemelex Xobeh.
  2936 | D:3      | Noticed Terence
  2949 | D:3      | Killed Terence
  3204 | D:4      | Reached skill level 3 in Short Blades
  3229 | D:4      | Reached skill level 1 in Shields
  3367 | D:4      | Reached skill level 4 in Short Blades
  3367 | D:4      | Reached XP level 6. HP: 55/56 MP: 5/5
  3576 | D:4      | Reached skill level 5 in Short Blades
  3576 | D:4      | Reached skill level 1 in Stealth
  3680 | D:4      | Reached skill level 1 in Throwing
  3688 | D:4      | Reached XP level 7. HP: 51/61 MP: 6/6
  3783 | D:4      | Found a shimmering blue altar of Sif Muna.
  3796 | D:4      | HP: 4/91 [orc warrior (5)]
  3800 | D:4      | Reached skill level 6 in Short Blades
  4088 | D:4      | Found a bloodstained altar of Trog.
  4582 | D:5      | Entered Level 5 of the Dungeon
  4686 | D:5      | Noticed a shadow
  4693 | D:5      | Noticed a wraith
  4693 | D:5      | Noticed a two-headed ogre
  4697 | D:5      | HP: 3/61 [something (6)]
  4709 | D:5      | Found Cosots's Magic Scroll Shoppe.
  4709 | D:5      | Slain by a shadow

Illustrated notes

Levels and vault maps discovered:
D:1:      mrwooster_arrival_statue_2, layout_loops_cross, minmay_heptomino_l4
D:2:      layout_basic, uniq_natasha
D:3:      layout_loops_cross, nemelex_spade_bored_becter, gammafunk_ghost_grave,
          dk_noncrumbling_3, uniq_terence
D:4:      layout_loops_cross, nzn_overflow_gifts_of_might_and_magic
D:5:      layout_cave_pods, regret_index_temple_of_mockery,
          gup_sewer_entry_glass, serial_shops, nicolae_diamond_shop,
          minmay_manual_monstrance

Skill      XL: |  1  2  3  4  5  6  7 |
---------------+----------------------+-----
Fighting       | 4 5 |  5.0
Short Blades   | 1 2 4 5 6 |  6.9
Armour         | 3 |  3.0
Dodging        | 3 |  3.0
Shields        | 1 2 3 |  3.0
Stealth        | 1 |  1.0
Throwing       | 1 2 |  2.0
Axes           | |  3.9

Action                   |  1- 3 |  4- 6 |  7- 9 || total
-------------------------+-------+-------+-------++-------
Melee: Hand axe          |    10 |       |       ||    10
       Headbutt          |     7 |    25 |     9 ||    41
       Short sword       |    59 |   132 |    46 ||   237
Throw: Boomerang         |       |    17 |    21 ||    38
Invok: Berserk           |       |     1 |     2 ||     3
       Trog's Hand       |       |     1 |       ||     1
  Use: Scroll            |       |     3 |     4 ||     7
       Potion            |       |       |     1 ||     1
 Stab: Sleeping          |     1 |       |       ||     1
Armor: Animal skin       |    12 |       |       ||    12
       Chain mail        |    15 |    67 |    12 ||    94
Dodge: Dodged            |    42 |    29 |    10 ||    81
Block: Kite shield       |     6 |    44 |    19 ||    69

Table legend: (Time is in decaauts)
 A = Elapsed time spent in this place.
 B = Non-inter-level travel time spent in this place.
 C = Inter-level travel time spent in this place.
 D = Time resting spent in this place.
 E = Time spent auto-exploring this place.
 F = Levels seen in this place.
 G = Mean time per level.
                   A        B        C        D        E       F      G
               +--------+--------+--------+--------+--------+-----+--------+
         Total |   4805 |   4653 |    152 |   1300 |   2697 |   5 |  961.0 |
       Dungeon |   4805 |   4653 |    152 |   1300 |   2697 |   5 |  961.0 |
               +--------+--------+--------+--------+--------+-----+--------+

Top non-repeatable levels by time:
     D:4: 1445 daAuts
     D:3: 1215 daAuts
     D:2: 1191 daAuts
     D:1: 813 daAuts
     D:5: 139 daAuts
